AoeStats
← Mr. Lais

Black Forest

509331241Analyzed
2v2 RM · 4d ago on Sep 26, 2026· 86m 40s· 4 players
Game mode
Random Map
Map size
Medium (4 player)
Population
200
Speed
Normal
Resources
Standard
Victory
Conquest
Starting age
Dark Age
Ending age
Imperial Age
RankedLock teamsTeams togetherTeam positionsShared explorationLock speedFull tech treeHidden civsTurbo modeCheats
Victory
Defeat
🇩🇪 Huns · Germany
887
+17
🇩🇪 Britons · Germany
879
+18
🇧🇦 Italians · Bosnia & Herzegovina
971
-20
🇫🇷 Britons · France
860
-15
Mr. Lais
1:04 Loom
13:00 Feudal Age
13:42 Double-Bit Axe
14:47 Fishing Lines
19:23 Castle Age
19:00 Gold Mining
18:57 Horse Collar
22:12 Gillnets
23:54 Bow Saw
28:03 Gold Shaft Mining
28:44 Forging
30:17 Wheelbarrow
30:04 Caravan
32:54 Imperial Age
31:05 Stone Mining
31:07 Town Watch
32:10 Bloodlines
32:01 Husbandry
32:58 Iron Casting
32:29 Scale Barding Armor
33:16 Marauders
34:01 Conscription
34:19 Hand Cart
34:06 Town Patrol
33:33 Capped Ram
34:23 Elite Tarkan
37:41 Two-Man Saw
36:49 Heavy Plow
39:31 Blast Furnace
38:52 Chain Barding Armor
37:55 Siege Ram
47:59 Plate Barding Armor
50:05 Masonry
49:51 Murder Holes
50:17 Ballistics
50:57 Chemistry
51:49 Cavalier
51:50 Light Cavalry
51:53 Pikeman
52:34 Squires
52:19 Arson
51:55 Man-at-Arms
53:12 Coinage
52:54 Guilds
52:58 Medium Warships
52:10 Demolition Ship
53:15 Atheism
52:57 Padded Archer Armor
53:02 Scale Mail Armor
52:53 Fletching
55:33 Paladin
58:11 Chain Mail Armor
58:13 Leather Archer Armor
57:53 Bodkin Arrow
57:21 Hussar
58:34 Banking
58:19 Long Swordsman
58:19 Halberdier
58:23 Heavy Cavalry Archer
59:30 Parthian Tactics
59:35 Sappers
61:04 Two-Handed Swordsman
75:44 Bracer
75:10 Elite Skirmisher
75:11 Crossbowman
75:59 Thumb Ring
76:17 Sanctity
76:10 Fervor
76:01 Atonement
76:26 Illumination
76:05 Devotion
76:26 Heresy
85:01 Spies/Treason
Macabros
1:52 Loom
11:19 Feudal Age
12:24 Horse Collar
12:35 Double-Bit Axe
21:24 Castle Age
19:21 Gold Mining
20:43 Padded Archer Armor
20:34 Fletching
21:31 Stone Mining
23:53 Wheelbarrow
23:04 Town Watch
24:12 Leather Archer Armor
23:53 Bodkin Arrow
24:41 Heavy Plow
29:15 Hand Cart
31:26 Gold Shaft Mining
32:17 Bow Saw
32:29 Ballistics
36:21 Imperial Age
35:37 Yeomen
36:54 Elite Longbowman
37:51 Town Patrol
38:18 Fortified Wall
39:22 Ring Archer Armor
39:03 Forging
39:21 Warwolf
39:55 Onager
42:34 Two-Man Saw
41:19 Sappers
42:13 Conscription
43:43 Chemistry
42:34 Heated Shot
44:46 Masonry
44:16 Treadmill Crane
44:23 Arrowslits
47:14 Bracer
47:50 Iron Casting
47:15 Scale Mail Armor
47:21 Scale Barding Armor
49:58 Squires
49:44 Arson
49:45 Gambesons
49:21 Man-at-Arms
49:26 Pikeman
51:18 Long Swordsman
52:03 Two-Handed Swordsman
52:03 Halberdier
54:02 Champion
56:46 Blast Furnace
56:02 Chain Mail Armor
59:25 Heavy Scorpion
60:50 Architecture
60:26 Siege Engineers
60:16 Murder Holes
60:58 Chain Barding Armor
61:08 Plate Mail Armor
61:19 Hoardings
67:30 Husbandry
66:51 Cavalier
68:58 Plate Barding Armor
73:39 Caravan
85:57 Spies/Treason
zapitouleur
8:41 Loom
11:17 Feudal Age
12:33 Double-Bit Axe
14:02 Gold Mining
15:33 Wheelbarrow
20:14 Castle Age
17:58 Horse Collar
21:09 Crossbowman
21:53 Fletching
22:04 Padded Archer Armor
22:19 Bow Saw
22:20 Stone Mining
28:23 Hand Cart
30:13 Bodkin Arrow
30:34 Leather Archer Armor
30:31 Forging
30:22 Scale Mail Armor
30:27 Scale Barding Armor
31:37 Caravan
31:46 Crossbowman
32:44 Heavy Plow
34:00 Iron Casting
38:29 Imperial Age
35:47 Town Watch
38:32 Yeomen
39:24 Chain Mail Armor
39:30 Chain Barding Armor
39:36 Ballistics
38:51 Elite Longbowman
39:52 Conscription
39:37 Bracer
42:02 Siege Engineers
41:53 Murder Holes
42:09 Fortified Wall
42:10 Masonry
43:02 Chemistry
42:37 Ring Archer Armor
43:08 Blast Furnace
41:38 Capped Ram
43:25 Hoardings
43:01 Treadmill Crane
45:24 Warwolf
47:45 Architecture
46:41 Pikeman
47:25 Squires
47:20 Arson
47:21 Gambesons
48:16 Plate Barding Armor
48:11 Plate Mail Armor
50:53 Cavalier
51:34 Husbandry
54:30 Guilds
74:29 Two-Man Saw
Koksal Jr.
1:06 Loom
11:03 Feudal Age
12:04 Horse Collar
12:12 Double-Bit Axe
14:43 Wheelbarrow
20:55 Castle Age
19:03 Town Watch
22:38 Bow Saw
26:07 Scale Mail Armor
26:24 Caravan
26:50 Hand Cart
26:04 Man-at-Arms
27:42 Long Swordsman
28:12 Arson
32:51 Imperial Age
Connection lost

Rejoining the realm…

Still unreachable

The connection could not be restored.

Session expired

The server has moved on; the page needs a fresh start.